 Dungeon Crawl Stone Soup version 0.26-a0-466-g989023bd0d (webtiles) character file.

Game seed: 18168206105319411200

6777 HoaS the Brawler (level 11, -6/79 HPs)
             Began as a Ghoul Gladiator on Aug 13, 2020.
             Was a Follower of Makhleb.
             Killed from afar by an acid dragon (13 damage)
             ... with a splash of acid
             ... on level 11 of the Dungeon.
             The game lasted 00:23:14 (8423 turns).

HoaS the Brawler (Ghoul Gladiator)                  Turns: 8423, Time: 00:23:14

Health: -6/79      AC: 14    Str: 26    XL:     11   Next: 4%
Magic:  0/10       EV: 16    Int:  3    God:    Makhleb [*.....]
Gold:   261        SH:  0    Dex: 18    Spells: 10/10 levels left

rFire    . . .     SeeInvis .     - Unarmed
rCold    + . .     Faith    .   (no shield)
rNeg     + + +     Spirit   .   y - +4 scale mail of the Farrier {rN+}
rPois    ∞         Reflect  .   b - +1 helmet
rElec    .         Harm     .   (no cloak)
rCorr    .                      (no gloves)
MR       .....                  d - +1 pair of boots
Stlth    ..........             i - amulet of regeneration
HPRegen  0.00/turn              g - +6 ring of strength
MPRegen  0.12/turn              c - +6 ring of dexterity

@: no status effects
A: rotting body, claws 1, cold resistance 1, negative energy resistance 3,
inhibited regeneration, torment resistance, unbreathing
a: Renounce Religion


You were on level 11 of the Dungeon.
You worshipped Makhleb.
Makhleb was aware of your devotion.
You visited 2 branches of the dungeon, and saw 12 of its levels.

You collected 753 gold pieces.
You spent 492 gold pieces at shops.

Inventory:

Missiles
 m - 4 atropa-tipped darts (quivered)
 p - 15 boomerangs
 z - 6 arrows
Armour
 b - a +1 helmet (worn)
 d - a +1 pair of boots (worn)
 y - the +4 scale mail of the Farrier (worn) {rN+}
   (You bought it in a shop on level 10 of the Dungeon)

   It protects you from negative energy.
Jewellery
 c - a +6 ring of dexterity (right claw)
 g - a +6 ring of strength (left claw)
 i - an amulet of regeneration (around neck)
 w - an uncursed ring of flight
Wands
 s - a wand of iceblast (3)
 u - a wand of flame (26)
Scrolls
 f - 2 scrolls of fear
 h - a scroll of teleportation
 j - 2 scrolls of remove curse
 l - 2 scrolls of identify
 q - 3 scrolls of magic mapping
 t - a scroll of fog
 x - a scroll of random uselessness {unknown}
Potions
 a - a potion of might {unknown}
 e - 3 potions of heal wounds
 k - a potion of resistance {unknown}
 n - a potion of brilliance {unknown}
 o - a potion of cancellation {unknown}
 r - 3 potions of curing
 v - a potion of degeneration {unknown}


   Skills:
 - Level 2.1 Fighting
 - Level 1.7 Throwing
 - Level 8.0 Dodging
 * Level 15.2 Unarmed Combat


You had 10 spell levels left.
You didn't know any spells.
Your spell library contained the following spells:

 Spells                   Type           Power        Failure   Level
 Magic Dart               Conj           #...         83%         1
 Summon Small Mammal      Summ           #...         83%         1
 Call Imp                 Summ           #.......     92%         2
 Searing Ray              Conj           #.....       92%         2
 Call Canine Familiar     Summ           #.......     99%         3
 Dazzling Flash           Conj/Hex       #.....       99%         3
 Summon Guardian Golem    Hex/Summ       #.......     99%         3
 Fulminant Prism          Conj/Hex       #.........   100%        4
 Iskenderun's Mystic Bla  Conj/Tloc      #.......     100%        4
 Summon Ice Beast         Ice/Summ       #.......     100%        4
 Summon Lightning Spire   Summ/Air       #.......     100%        4


Dungeon Overview and Level Annotations

Branches:
Dungeon (11/15)            Temple (1/1) D:5             Orc (0/2) D:9
   Lair: D:8-11

Altars:
Ashenzari
Cheibriados
Dithmenos
Elyvilon
Fedhas
Gozag
Hepliaklqana
Kikubaaqudgha
Makhleb
Nemelex Xobeh
Okawaru
Qazlal
Ru
Sif Muna
Trog
Uskayaw
Vehumet
Wu Jian
Xom
Yredelemnul
Zin
The Shining One

Shops:
D:10 [(}


Innate Abilities, Weirdness & Mutations

Your body is rotting away.
You thrive by killing the living.
You are immune to poison.
You have sharp fingernails.
Your flesh is cold resistant. (rC+)
You are immune to negative energy. (rN+++)
You do not regenerate when monsters are visible.
You are immune to unholy pain and torment.
You can survive without breathing.


Message History

The arrow closely misses you.
The centaur shoots an arrow.
The arrow hits you but does no damage.
An orc comes into view. It is wielding a +0 club.
The acid dragon spits acid at you.
The splash of acid hits you but does no damage.
You are splashed with acid!
The centaur shoots an arrow.
The arrow closely misses you.
The centaur shoots an arrow.
The arrow misses you. The acid dragon spits acid at you.
The splash of acid hits you.
You are splashed with acid!
The centaur shoots an arrow.
The arrow hits you!
The centaur shoots an arrow.
The arrow hits you but does no damage.
z - 6 arrows The centaur shoots an arrow.
The arrow hits you!
* * * LOW HITPOINT WARNING * * *
The centaur shoots an arrow.
The arrow hits you.
* * * LOW HITPOINT WARNING * * *
The acid dragon spits acid at you. The splash of acid hits you!
You die...

...............
................
................
................
................
......(.........
.......(........
.....(.@....c...
.......(.o.G....
...........Z..>.
..........D.....
..........oo....
.#.........co...
#..............
#..............
#..............


You could see an eye of draining, an acid dragon (catching breath), 2 centaurs,
2 orc priests, 2 orcs and a centaur zombie.

Vanquished Creatures
  A yaktaur captain (D:8)
  A centaur warrior (D:8)
  A two-headed ogre (D:8)
  A troll (D:11)
  A basilisk (D:10)
  A wyvern (D:9)
  An orc warrior (D:10)
  4 ice beasts
  2 sky beasts
  2 black bears
  2 phantoms
  5 ogres
  4 centaurs
  2 big kobolds (D:7)
  5 bullfrogs
  A wyvern skeleton (D:5)
  2 scorpions
  A water moccasin skeleton (D:10)
  8 killer bees
  3 wights (D:4)
  6 howler monkeys
  4 hounds
  A quasit (D:10)
  2 bullfrog skeletons
  A bullfrog zombie (D:9)
  3 jellies
  A centaur skeleton (D:8)
  4 orc priests
  2 orc wizards (D:10)
  5 iguanas
  5 worker ants
  2 hound skeletons
  A howler monkey zombie (D:5)
  A worker ant zombie (D:8)
  15 adders
  A shadow imp (D:10)
  5 white imps
  An ufetubus (D:8)
  2 adder skeletons
  2 worms (D:2)
  2 dart slugs (D:2)
  2 leopard geckos (D:9)
  15 orcs
  A ball python (D:1)
  10 bats
  4 giant cockroaches
  6 goblins
  4 hobgoblins
  25 jackals
  7 quokkas
  6 frilled lizards
  A jackal skeleton (D:5)
  A jackal zombie (D:6)
  13 kobolds
  A quokka skeleton (D:7)
  A quokka zombie (D:8)
  5 rats
  16 plants (D:9)
232 creatures vanquished.

Vanquished Creatures (collateral kills)
  A centaur skeleton (D:8)
1 creature vanquished.

Grand Total: 233 creatures vanquished

Notes
Turn   | Place    | Note
-------+----------+-------------------------------------------
     0 | D:1      | HoaS the Ghoul Gladiator began the quest for the Orb.
     0 | D:1      | Reached XP level 1. HP: 17/17 MP: 0/0
   423 | D:1      | Reached XP level 2. HP: 24/24 MP: 1/1
   440 | D:1      | Reached skill level 4 in Unarmed Combat
   596 | D:1      | Reached XP level 3. HP: 29/29 MP: 2/2
   777 | D:2      | Found a transporter.
   777 | D:2      | Noticed a centaur
   778 | D:2      | Noticed a black bear
   825 | D:2      | Reached skill level 5 in Unarmed Combat
   853 | D:2      | Reached XP level 4. HP: 36/36 MP: 3/3
   870 | D:2      | Found a transporter.
   884 | D:2      | Found a glowing golden altar of the Shining One.
  1624 | D:2      | Reached skill level 6 in Unarmed Combat
  1624 | D:2      | Reached XP level 5. HP: 41/41 MP: 4/4
  1794 | D:3      | Noticed a +0 dagger
  1794 | D:3      | Noticed a +0 dagger
  2037 | D:3      | Found a hide-covered altar of Uskayaw.
  2586 | D:4      | Reached XP level 6. HP: 43/48 MP: 5/5
  2660 | D:4      | Noticed a phantom
  2673 | D:4      | Killed a phantom
  2673 | D:4      | Reached skill level 7 in Unarmed Combat
  2757 | D:4      | Reached XP level 7. HP: 41/55 MP: 6/6
  3023 | D:4      | Reached skill level 8 in Unarmed Combat
  3267 | D:5      | Entered Level 5 of the Dungeon
  3403 | D:5      | Found a shattered altar of Ashenzari.
  3427 | D:5      | Reached skill level 9 in Unarmed Combat
  3427 | D:5      | Reached XP level 8. HP: 48/61 MP: 7/7
  3518 | D:5      | Reached skill level 5 in Dodging
  3530 | D:5      | Found a staircase to the Ecumenical Temple.
  3540 | Temple   | Entered the Ecumenical Temple
  3651 | D:5      | Found a blossoming altar of Fedhas.
  3651 | D:5      | Found a hazy altar of Hepliaklqana.
  4387 | D:6      | Reached skill level 10 in Unarmed Combat
  4842 | D:7      | Reached XP level 9. HP: 65/67 MP: 8/8
  4870 | D:7      | Found an ancient bone altar of Kikubaaqudgha.
  4942 | D:7      | Reached skill level 11 in Unarmed Combat
  5457 | D:8      | Found a shadowy altar of Dithmenos.
  5457 | D:8      | Found a stormy altar of Qazlal.
  5457 | D:8      | Found a burning altar of Makhleb.
  5466 | D:8      | Found a snail-covered altar of Cheibriados.
  5473 | D:8      | Became a worshipper of Makhleb the Destroyer
  5659 | D:8      | Noticed a two-headed ogre
  5675 | D:8      | Killed a two-headed ogre
  5675 | D:8      | Reached skill level 12 in Unarmed Combat
  5705 | D:8      | Reached XP level 10. HP: 73/73 MP: 9/9
  5728 | D:8      | Found a shimmering altar of Xom.
  5728 | D:8      | Found an ancient bone altar of Kikubaaqudgha.
  5732 | D:8      | Noticed a yaktaur captain
  5733 | D:8      | Noticed a centaur warrior
  5734 | D:8      | Noticed a manticore
  5751 | D:8      | Killed a centaur warrior
  5751 | D:8      | Reached skill level 13 in Unarmed Combat
  6081 | D:8      | Killed a yaktaur captain
  6560 | D:9      | Reached skill level 14 in Unarmed Combat
  6594 | D:9      | Found a staircase to the Orcish Mines.
  6929 | D:9      | Reached * piety under Makhleb
  7521 | D:10     | Entered Level 10 of the Dungeon
  7781 | D:10     | Found Syxeuremp's Weapon Shoppe.
  7927 | D:10     | Found Ditwub's Armour Boutique.
  7930 | D:10     | Bought the +4 scale mail of the Farrier {rN+} for 492 gold
                  | pieces
  7976 | D:10     | Reached skill level 15 in Unarmed Combat
  7976 | D:10     | Reached XP level 11. HP: 79/79 MP: 10/10
  8204 | D:10     | Found Sauzirio's Gadget Shoppe.
  8423 | D:11     | Killed from afar by an acid dragon

Illustrated notes

Levels and vault maps discovered:
D:1:      minmay_arrival_widening_spiral_wide, layout_rooms
D:2:      layout_loops_ring, gammafunk_temple_overflow_arena
D:3:      layout_basic, dancing_weapons_uskayaw
D:4:      black_bear_nest_2, layout_basic
D:5:      layout_cave_pods, gammafunk_temple_overflow_statue,
          minmay_temple_entry_steel_oval, evilmike_ruin_ashenzari
D:6:      layout_rooms, hangedman_decor_peaks_small,
          chequers_serial_rivers_micro_c, grunt_ministairs_15
D:7:      layout_rooms, basic_altar
D:8:      layout_rooms, chequers_temple_overflow_statue_of_worship,
          jmf_multi_god_temple
D:9:      layout_loops_ring, orc_0_dummy, wad_woods_river_04,
          corexii_checkpoint_b
D:10:     lemuel_ice_spiral_2, layout_basic, serial_shops,
          nicolae_shop_behind_doors, kennysheep_mini, shop
D:11:     layout_layer_cave, erik_lair_island
Temple:   nicolae_temple_great_sept

Skill      XL: |  1  2  3  4  5  6  7  8  9 10 |
---------------+-------------------------------+-----
Unarmed Combat | 4 5 6 7 9 10 12 15 | 15.2
Dodging        | 3 4 6 7 8 |  8.0
Fighting       | |  2.1
Throwing       | |  1.7

Action                   |  1- 3 |  4- 6 |  7- 9 | 10-12 || total
-------------------------+-------+-------+-------+-------++-------
Melee: Unarmed           |   119 |   227 |   257 |   317 ||   920
       Punch             |     1 |     3 |     7 |    23 ||    34
Throw: Throwing net      |       |       |     3 |     3 ||     6
Evoke: Wand              |       |       |     3 |       ||     3
  Use: Scroll            |     2 |     4 |    10 |     6 ||    22
       Potion            |       |       |       |     1 ||     1
 Stab: Held in net/web   |       |       |       |     1 ||     1
Armor: Leather armour    |     5 |       |       |       ||     5
       Scale mail        |    44 |    89 |   111 |    52 ||   296
Dodge: Dodged            |    69 |   129 |   135 |    95 ||   428

Table legend: (Time is in decaauts)
 A = Elapsed time spent in this place.
 B = Non-inter-level travel time spent in this place.
 C = Inter-level travel time spent in this place.
 D = Time resting spent in this place.
 E = Time spent auto-exploring this place.
 F = Levels seen in this place.
 G = Mean time per level.
                   A        B        C        D        E       F      G
               +--------+--------+--------+--------+--------+-----+--------+
         Total |   8263 |   7791 |    472 |    918 |   5120 |  12 |  688.6 |
       Dungeon |   8177 |   7705 |    472 |    918 |   5053 |  11 |  743.4 |
        Temple |     85 |     85 |      0 |      0 |     67 |   1 |   85.0 |
               +--------+--------+--------+--------+--------+-----+--------+

Top non-repeatable levels by time:
     D:8: 1043 daAuts
     D:2: 985 daAuts
     D:9: 959 daAuts
     D:5: 916 daAuts
     D:3: 903 daAuts
    D:10: 867 daAuts
     D:4: 788 daAuts
     D:1: 752 daAuts
     D:6: 477 daAuts
     D:7: 473 daAuts
  Temple: 85 daAuts
    D:11: 12 daAuts
